Map: Lerilak Crest

Players

Wronglllllll - Winner!

  • Race: Zerg Zerg
  • League: Diamond

Executor

  • Race: Terran Terran
  • League: Master

VOD

Have the link to the VOD?

Description

Time

  • Played on: Jan. 20, 2016, 2:32 a.m.
  • Length: 6:10
Show
View Real Time Build Order
Export as new Build Order

Wronglllllll Zerg - Winner!

Build Orders: Hatch First 

Get SALT Encoding   

  12  0:01  Drone  
  13  0:08  Drone  
  14  0:17  Overlord  
  14  0:25  Drone, Extractor  
  15  0:36  Drone x2  
  17  0:56  Hatchery  
  16  0:58  Drone  
  16  1:01  Drone  
  18  1:16  Spawning Pool  
  18  1:18  Drone  
  18  1:21  Drone  
  18  1:25  Extractor  
  18  1:28  Drone  
  19  1:39  Overlord  
  19  1:53  Drone  
  20  2:06  Queen  
  22  2:08  Queen  
  22  2:10  Zergling x4  
  22  2:13  Drone  
  27  2:26  Drone x2  
  27  2:28  Metabolic Boost  
  29  2:34  Drone x2  
  31  2:47  Overlord, Queen  
  33  2:52  Drone x2  
  35  3:03  Drone  
  36  3:08  Roach Warren  
  36  3:11  Drone  
  36  3:12  Drone  
  37  3:16  Overlord  
  37  3:20  Drone x3  
  37  3:22  Drone x3  
  37  3:24  Drone  
  44  3:28  Extractor  
  42  3:41  Drone x3  
  42  3:42  Drone  
  42  3:43  Extractor  
  45  3:56  Drone x2  
  45  3:57  Drone x5  
  52  4:04  Overlord  
  52  4:11  Overlord  
  52  4:19  Hatchery  
  52  4:21  Overlord x2  
  51  4:25  Roach  
  51  4:26  Roach x2  
  51  4:29  Roach x2  
  51  4:30  Roach  
  63  4:33  Roach  
  63  4:35  Roach  
  67  4:50  Roach x2  
  71  4:54  Overlord  
  71  4:56  Zergling x8  
  75  5:01  Ravager  
  75  5:03  Overlord  
  75  5:04  Overlord  
  76  5:16  Ravager x6  
  76  5:19  Zergling x4  
  84  5:28  Ravager  
  85  5:30  Zergling x18  
  85  5:35  Overlord x2  
  94  5:45  Roach x2  
  98  5:51  Overlord  
Show
View Real Time Build Order
Export as new Build Order

Executor Terran 

Build Orders: Reaper Expand 

Get SALT Encoding   

  12  0:01  SCV  
  13  0:13  SCV  
  14  0:17  Supply Depot  
  14  0:25  SCV  
  15  0:39  SCV  
  15  0:40  Barracks  
  16  0:45  Refinery  
  16  0:51  SCV  
  17  1:03  SCV  
  18  1:15  SCV  
  19  1:27  Orbital Command  
  19  1:28  Reaper  
  20  1:42  Command Center  
  20  1:53  SCV  
  21  2:01  Barracks Reactor  
  21  2:05  SCV  
  22  2:11  Supply Depot  
  22  2:15  Refinery  
  22  2:17  SCV  
  23  2:30  Factory  
  23  2:32  SCV  
  24  2:37  Bunker  
  24  2:42  Marine x2  
  26  2:44  SCV  
  27  2:56  SCV, Orbital Command  
  28  3:01  Marine x2  
  30  3:09  SCV  
  30  3:11  Supply Depot  
  31  3:15  Starport  
  31  3:21  SCV  
  31  3:24  SCV  
  33  3:33  SCV  
  34  3:35  Marine x2  
  34  3:36  SCV  
  34  3:39  Factory Tech Lab  
  36  3:45  SCV  
  36  3:48  SCV  
  38  3:55  Marine x2  
  38  3:57  SCV, Viking  
  38  3:58  Siege Tank  
  38  4:00  SCV  
  47  4:04  Supply Depot  
  47  4:09  SCV  
  48  4:12  SCV  
  49  4:21  SCV  
  50  4:24  SCV  
  50  4:28  Command Center, Marine x2  
  53  4:33  SCV  
  53  4:35  Siege Tank  
  53  4:36  SCV  
  53  4:38  Supply Depot  
  58  4:45  SCV  
  58  4:48  SCV, Engineering Bay  
  58  4:51  Engineering Bay  
  60  4:54  Starport Reactor  
  60  4:57  SCV  
  61  5:00  Supply Depot, SCV  
  61  5:04  Refinery x2  
  61  5:05  Marine x2  
  64  5:10  SCV  
  64  5:13  SCV, Barracks  
  66  5:17  Barracks  
  66  5:20  Missile Turret  
  66  5:22  SCV, Missile Turret, Factory Tech Lab  
  66  5:26  Marine  
  68  5:29  SCV  
  68  5:31  Supply Depot  
  68  5:34  SCV  
  70  5:37  Marine  
  71  5:43  SCV  
  71  5:44  Marine  
  77  5:54  SCV  
  77  5:55  SCV  
Tags
 
Add a new tag
Caveats
  • Supply blocks, unpowered buildings, or Contaminate may cause inaccurate times.
  • Supply counts are checked every 10 seconds.